 Dungeon Crawl Stone Soup version 0.21.0-3-g78d12a8 (webtiles) character file.

192 tsouns the Chopper (level 5, 0/47 HPs)
             Began as a Hill Orc Berserker on Jan 12, 2018.
             Was a Believer of Trog.
             Slain by Grinder (4 damage)
             ... on level 3 of the Dungeon.
             The game lasted 00:05:47 (2849 turns).

tsouns the Chopper (Hill Orc Berserker)             Turns: 2849, Time: 00:05:48

Health: 0/47       AC: 15    Str: 21    XL:     5   Next: 71%
Magic:  5/5        EV:  7    Int: 10    God:    Trog [**....]
Gold:   85         SH:  0    Dex: 13    Spells: 4/4 levels left

rFire    . . .     SeeInvis .   a - +0 hand axe
rCold    . . .     Gourm    .   (no shield)
rNeg     . . .     Faith    .   k - +0 plate armour
rPois    .         Spirit   .   h - +1 helmet {Int+3}
rElec    .         Reflect  .   (no cloak)
rCorr    .         Harm     .   (no gloves)
MR       .....                  l - +0 pair of boots
Stlth    ..........             (no amulet)
HPRegen  0.15/turn              d - +3 ring of dexterity
MPRegen  0.09/turn              (no ring)

@: berserk cooldown, slowed, very slow
A: no striking features
a: Berserk, Trog's Hand, Burn Spellbooks, Renounce Religion


You were on level 3 of the Dungeon.
You worshipped Trog.
Trog was pleased with you.
You were not hungry.

You visited 1 branch of the dungeon, and saw 3 of its levels.

You collected 85 gold pieces.

Inventory:

Hand Weapons
 a - a +0 hand axe (weapon)
Missiles
 g - 146 stones (quivered)
 q - 4 tomahawks
 r - 3 exploding tomahawks
Armour
 h - a +1 helmet of intelligence (worn)
 k - a +0 plate armour (worn)
 l - a +0 pair of boots (worn)
 n - a +0 shield
Jewellery
 d - a +3 ring of dexterity (left hand)
Scrolls
 b - 2 scrolls of amnesia {unknown}
 j - 3 scrolls of remove curse
Potions
 f - 2 potions of degeneration
 o - 4 potions of flight
 p - a potion of curing
 s - a potion of invisibility {unknown}
 t - a potion of brilliance {unknown}
Comestibles
 c - 4 rations


   Skills:
 + Level 4.4 Fighting
 + Level 6.2 Axes
 + Level 3.7 Armour
 + Level 2.0 Dodging
 + Level 0.1 Stealth


You had 4 spell levels left.
You didn't know any spells.

Dungeon Overview and Level Annotations

Branches:
Dungeon (3/15)

Altars:
Ashenzari
Dithmenos
Zin

Annotations:
D:3 Grinder


Message History

Grinder hits you but does no damage.
You can move again.
Unknown command.
Unknown command.
You hit Grinder.
Grinder is severely wounded.
Grinder gestures at you. Pain shoots through your body!
Unknown command.
You slash Grinder!
Grinder is almost dead.
Grinder gestures at you. You resist with significant effort.
Grinder gestures at you. Pain shoots through your body!
* * * LOW HITPOINT WARNING * * *
Your plate armour prevents you from hitting Grinder.
Grinder is almost dead.
Grinder hits you.
You die...

#.......###.##.. ......
#.......# #..#.###...#
#.......##...#......#
#.......#....#...#..#
###.#<..............###
#.##...##.#..#......#
#................?..#
#.#..#####...####...#
#.....@5)....# ...#
#..#.######...# ...#
#.##.# #.#.# ...# #.
#.# #.#..# ...# #. #.+
'.##.# ...# #.# ### .#
#+# ..


You could see Grinder.

Vanquished Creatures
  An ogre (D:2)
  5 adders (D:2)
  3 worms (D:2)
  A dart slug (D:1)
  3 leopard geckos
  4 orcs (D:2)
  2 giant cockroaches (D:1)
  5 goblins
  4 hobgoblins
  4 jackals (D:1)
  A quokka (D:2)
  A ball python (D:2)
  4 bats
  2 frilled lizards
  6 kobolds
  3 rats
49 creatures vanquished.

Notes
Turn   | Place    | Note
-------+----------+-------------------------------------------
     0 | D:1      | tsouns the Hill Orc Berserker began the quest for the Orb.
     0 | D:1      | Reached XP level 1. HP: 19/19 MP: 1/1
   111 | D:1      | Reached XP level 2. HP: 15/27 MP: 2/2
  1014 | D:1      | Reached XP level 3. HP: 29/33 MP: 3/3
  1459 | D:2      | Found a shadowy altar of Dithmenos.
  1691 | D:2      | Reached skill level 5 in Axes
  1732 | D:2      | Found a shattered altar of Ashenzari.
  1857 | D:2      | Reached XP level 4. HP: 30/40 MP: 4/4
  1979 | D:2      | Reached ** piety under Trog
  2100 | D:2      | Found a glowing silver altar of Zin.
  2524 | D:3      | Noticed Grinder
  2551 | D:3      | Noticed an ogre
  2772 | D:2      | Killed an ogre
  2772 | D:2      | Reached skill level 6 in Axes
  2772 | D:2      | Reached XP level 5. HP: 47/47 MP: 5/5
  2840 | D:3      | Paralysed by Grinder for 7 turns
  2849 | D:3      | Slain by Grinder

Skill      XL: |  1  2  3  4 |
---------------+-------------+-----
Fighting       | 4 |  4.4
Axes           | 5 6 |  6.2
Dodging        | 2 |  2.0
Armour         | 3 |  3.7
Stealth        | |  0.1

Action                   |  1- 3 |  4- 6 || total
-------------------------+-------+-------++-------
Melee: Hand axe          |   155 |    88 ||   243
Invok: Berserk           |     1 |     3 ||     4
       Trog's Hand       |       |     1 ||     1
  Use: Scroll            |     6 |     1 ||     7
       Potion            |     2 |     1 ||     3
  Eat: Chunk             |     4 |     4 ||     8
       Ration            |       |     1 ||     1
Armor: Animal skin       |    12 |       ||    12
       Ring mail         |    16 |       ||    16
       Plate armour      |    23 |    61 ||    84
Dodge: Dodged            |   101 |    25 ||   126
